 Dungeon Crawl Stone Soup version 0.30-a0-272-gf98c3da03f (webtiles) character file.

Game seed: 14780178293948925523

118 Flugkiller the Sneak (level 5, -5/36 HPs)
             Began as an Octopode Delver on Oct 15, 2022.
             Slain by an ogre
             ... wielding a +0 giant spiked club
              (25 damage)
             ... on level 5 of the Dungeon.
             The game lasted 00:00:37 (102 turns).

Flugkiller the Sneak (Octopode Delver)               Turns: 102, Time: 00:00:38

Health: -5/36      AC:  1    Str: 12    XL:     5   Next: 2%
Magic:  5/5        EV: 15    Int: 12    God:
Gold:   14         SH:  0    Dex: 15    Spells: 4/4 levels left

rFire   . . .      SeeInvis .    a - +0 short sword
rCold   . . .      Faith    .    (no shield)
rNeg    . . .      Spirit   .    (helmet restricted)
rPois   .          Reflect  .    (no amulet)
rElec   .          Harm     .    (no ring)
rCorr   .          Rampage  .    (no ring)
Will    .....                    (no ring)
Stlth   ++++......               (no ring)
HPRegen 0.26/turn                (no ring)
MPRegen 0.09/turn                (no ring)
                                 (no ring)
                                 (no ring)

@: no status effects
A: almost no armour, amphibious, 8 rings, camouflage 1, gelatinous body 1,
(nimble swimmer 1), tentacles
a: no special abilities


You were on level 5 of the Dungeon.
You visited 1 branch of the dungeon, and saw 1 of its levels.

You collected 14 gold pieces.

Inventory:

Hand Weapons
 a - a +0 short sword (weapon)
Wands
 f - a wand of digging (3)
Scrolls
 b - a scroll of fog
 c - a scroll of magic mapping
 d - a scroll of fear
Potions
 h - a potion of haste


   Skills:
 - Level 3.0 Fighting
 - Level 2.0 Short Blades
 - Level 5.0 Dodging
 + Level 6.7 Stealth


You had 4 spell levels left.
You didn't know any spells.
Your spell library was empty.

Dungeon Overview and Level Annotations

Branches:
Dungeon (5/15) Zot: 5899
 Temple: D:4-7

Altars:


Innate Abilities, Weirdness & Mutations

You cannot wear most types of armour.
You are amphibious.
You can wear up to eight rings at the same time.
Your skin changes colour to match your surroundings (Stealth+).
Your rubbery body absorbs attacks. (AC +1, EV +1)
((You are camouflaged when in or above water. (Stealth+)))
You have tentacles for arms and can constrict up to eight enemies at once.


Message History

Welcome, Flugkiller the Octopode Delver.
Are you destined to find the astounding Orb of Zot, or to die trying?
Press ? for a list of commands and other information.
Found a chain mail.
Found a stone staircase leading down.
Found 9 gold pieces.
Found 5 gold pieces.
You now have 5 gold pieces.
You see here a +0 chain mail.
A quokka comes into view.
You now have 14 gold pieces (gained 9).
The helpless quokka fails to defend itself.
You impale the quokka!!
You kill the quokka!
A scorpion comes into view.
Found 15 gold pieces.
Found a stone staircase leading down.
An iguana comes into view.
The scorpion stings you.
You hit the scorpion but do no damage. You grab the scorpion.
You squeeze the scorpion.
The scorpion is lightly wounded.
You constrict the scorpion, but do no damage.
The scorpion barely misses you.
You hit the scorpion.
You squeeze the scorpion, but do no damage.
The scorpion is moderately wounded.
You constrict the scorpion. The scorpion completely misses you.
You hit the scorpion.
The scorpion is heavily wounded.
You constrict the scorpion. The scorpion barely misses you.
You hit the scorpion.
You squeeze the scorpion, but do no damage.
The scorpion is severely wounded.
You constrict the scorpion, but do no damage.
The scorpion stings you.
You hit the scorpion. You squeeze the scorpion.
You kill the scorpion!
Your Dodging skill gained 2 levels and is now at level 4!
You have reached level 2!
You have reached level 3!
Your experience leads to an increase in your attributes!
Increase (S)trength, (I)ntelligence, or (D)exterity?
You feel agile. x2
You have reached level 4!
You start resting.
HP restored.
An iguana comes into view.
An iguana comes into view.
The helpless iguana fails to defend itself.
You puncture the iguana!
You kill the iguana!
The helpless iguana fails to defend itself.
You impale the iguana!!
You kill the iguana!
Unknown command.
An adder comes into view.
You see here an iguana corpse.
An ogre comes into view. It is wielding a +0 giant spiked club.
The helpless adder fails to defend itself.
You puncture the adder!
You kill the adder!
Training target 5.0 for Dodging reached!
Your Dodging skill increases to level 5!
You need to enable at least one skill for training.
You have reached level 5!
You feel stronger.
The ogre shouts!
The ogre misses you.
You barely miss the ogre. Your squeeze misses the ogre.
Unknown command.
Okay, then.
The ogre attacks as you move away!
The ogre hits you with a +0 giant spiked club!
An orc comes into view. It is wielding a +0 club.
The ogre attacks as you move away!
The ogre hits you with a +0 giant spiked club!!
Ouch! That really hurt!
You die...

.......##................#
.......##..##............#
.>..†..##................#
...........###............#
......###..#
##........#..## .....##
#..# ##........#...# #.###
#..# #.............# ..
#..###.............. #
#.......@O.........
#.####†.........# #.#
#..........# #.#
##........## ..#
##.......## ... ######...#
#.## ##o.# ##.# ...


You could see an ogre and an orc.

Vanquished Creatures
  A scorpion (D:5)
  2 iguanas (D:5)
  An adder (D:5)
  A quokka (D:5)
5 creatures vanquished.

Notes
Turn   | Place    | Note
-------+----------+-------------------------------------------
     0 | D:5      | Flugkiller the Octopode Delver began the quest for the Orb.
     0 | D:5      | Reached XP level 1. HP: 16/16 MP: 1/1
    29 | D:5      | Noticed a scorpion
    30 | D:5      | Noticed an iguana
    37 | D:5      | Killed a scorpion
    38 | D:5      | Reached XP level 2. HP: 14/21 MP: 2/2
    38 | D:5      | Reached XP level 3. HP: 18/26 MP: 3/3
    38 | D:5      | Reached XP level 4. HP: 21/31 MP: 4/4
    87 | D:5      | Noticed an ogre
    93 | D:5      | Reached skill level 5 in Dodging
    93 | D:5      | Reached XP level 5. HP: 36/36 MP: 5/5
   102 | D:5      | Slain by an ogre

Illustrated notes

Levels and vault maps discovered:
D:5:      layout_rooms, mainiacjoe_overflow_alcove_2, led_xom_imps

Skill      XL: |  1  2  3  4 |
---------------+-------------+-----
Dodging        | 4 5 |  5.0
Fighting       | |  3.0
Short Blades   | |  2.0
Stealth        | |  6.7

Action                   |  1- 3 |  4- 6 || total
-------------------------+-------+-------++-------
Melee: Short sword       |     6 |     4 ||    10
       Tentacles         |     4 |       ||     4
       Constrict         |     1 |       ||     1
 Stab: Sleeping          |     1 |     3 ||     4
Dodge: Dodged            |     3 |     1 ||     4

Table legend: (Time is in decaauts)
 A = Elapsed time spent in this place.
 B = Non-inter-level travel time spent in this place.
 C = Inter-level travel time spent in this place.
 D = Time resting spent in this place.
 E = Time spent auto-exploring this place.
 F = Levels seen in this place.
 G = Mean time per level.
                   A        B        C        D        E       F      G
               +--------+--------+--------+--------+--------+-----+--------+
         Total |    101 |    101 |      0 |     34 |      0 |   1 |  101.0 |
       Dungeon |    101 |    101 |      0 |     34 |      0 |   1 |  101.0 |
               +--------+--------+--------+--------+--------+-----+--------+

Top non-repeatable levels by time:
     D:5: 101 daAuts
